 Dungeon Crawl Stone Soup version 0.23.2-40-g277498a001 (webtiles) character file.

Game seed: 952243298101350931

67 Exodus22XD the Magician (level 3, 0/19 HPs)
             Began as a Deep Elf Wizard on Sept 20, 2019.
             Killed by divine providence
             ... invoked by an orc priest
              (7 damage)
             ... on level 3 of the Dungeon.
             The game lasted 00:04:57 (2567 turns).

Exodus22XD the Magician (Deep Elf Wizard)           Turns: 2567, Time: 00:04:58

Health: 0/19       AC:  3    Str:  7    XL:     3   Next: 98%
Magic:  1/10       EV: 13    Int: 23    God:
Gold:   141        SH:  0    Dex: 13    Spells: 9/10 levels left

rFire    . . .     SeeInvis .   o - +0 rapier
rCold    + . .     Gourm    .   (no shield)
rNeg     . . .     Faith    .   a - +0 robe
rPois    .         Spirit   .   b - +0 hat
rElec    .         Reflect  .   (no cloak)
rCorr    .         Harm     .   l - +0 pair of gloves
MR       .....                  (no boots)
Stlth    ++........             (no amulet)
HPRegen  0.06/turn              e - ring of protection from cold
MPRegen  0.12/turn              j - +3 ring of strength

@: no status effects
A: no striking features
a: no special abilities


You were on level 3 of the Dungeon.
You were hungry.

You visited 1 branch of the dungeon, and saw 4 of its levels.

You collected 141 gold pieces.

Inventory:

Hand Weapons
 o - a +0 rapier (weapon)
Armour
 a - a +0 robe (worn)
 b - a +0 hat (worn)
 l - a +0 pair of gloves (worn)
Jewellery
 e - a ring of protection from cold (left hand)
 j - a +3 ring of strength (right hand)
Scrolls
 f - a scroll of immolation {unknown}
 g - 4 scrolls of enchant weapon {unknown}
 i - 2 scrolls of random uselessness {unknown}
 m - a scroll of blinking {unknown}
 p - 2 scrolls of remove curse {unknown}
 q - 2 scrolls of enchant armour {unknown}
 r - a scroll of identify {unknown}
Potions
 c - a potion of might {unknown}
 h - 2 potions of resistance {unknown}
 k - a potion of mutation {unknown}
 s - a potion of curing {unknown}
 t - a potion of brilliance {unknown}
Comestibles
 d - 4 rations


   Skills:
 + Level 0.4 Short Blades
 - Level 2.4 Dodging
 - Level 2.4 Stealth
 - Level 4.4 Spellcasting
 * Level 4.2 Conjurations
   Level 1.1 Summonings
   Level 1.1 Translocations


You had 9 spell levels left.
You knew the following spells:

 Your Spells              Type           Power        Failure   Level  Hunger
a - Magic Dart            Conj           ###.         1%          1    None

Your spell library contained the following spells:

 Spells                   Type           Power        Failure   Level  Hunger
 Blink                    Tloc           N/A          10%         2    None
 Call Imp                 Summ           ##......     10%         2    None
 Conjure Flame            Conj/Fire      ##......     13%         3    ##.....
 Slow                     Hex            #.......     16%         2    None
 Mephitic Cloud           Conj/Pois/Air  ##......     17%         3    ##.....


Dungeon Overview and Level Annotations

Branches:
Dungeon (4/15)
 Temple: D:4-7

Altars:
Zin

Annotations:
D:4 Natasha


Message History

Press: ? - help, Shift-Dir - straight line, f - orc
Aim: an orc, wielding a +0 club and wearing a +0 leather armour The magic dart hits the orc but does no damage.
Casting: Magic Dart (safe; 1% risk of failure)
Confirm with . or Enter, or press ? or * to list all spells.
Aiming: Magic Dart (safe; 1% risk of failure)
Press: ? - help, Shift-Dir - straight line, f/p - orc
Aim: an orc, wielding a +0 club and wearing a +0 leather armour The magic dart hits the orc.
The orc is heavily wounded.
Casting: Magic Dart (safe; 1% risk of failure)
Confirm with . or Enter, or press ? or * to list all spells.
Aiming: Magic Dart (safe; 1% risk of failure)
Press: ? - help, Shift-Dir - straight line, f/p - orc
Aim: an orc, wielding a +0 club and wearing a +0 leather armour (heavily wounded)
The magic dart hits the orc.
You kill the orc!
The orc priest invokes the aid of Beogh against you.
Beogh smites you!
You die...

....... '.....#####....)..# #..
...... #.###....##..)....# #..
..... #........##.......# #.. ...
#........##.......####..
#####'#+##........######.........
....).o...........# #.........
#######...........# #.........
#o##.....[..# ##########
#.##...o.)@.###############
...........................
##.##.###################...
#..... #... ####.# #... #... #...
#... ####


You could see an orc priest.

Vanquished Creatures
  An ooze (D:2)
  A dart slug (D:1)
  A leopard gecko (D:2)
  5 orcs
  8 bats
  A giant cockroach (D:1)
  5 goblins
  6 hobgoblins
  2 jackals (D:1)
  2 kobolds (D:1)
  5 quokkas
  2 ball pythons
  4 frilled lizards
  A leopard gecko skeleton (D:3)
  3 rats
47 creatures vanquished.

Notes
Turn   | Place    | Note
-------+----------+-------------------------------------------
     0 | D:1      | Exodus22XD the Deep Elf Wizard began the quest for the Orb.
     0 | D:1      | Reached XP level 1. HP: 10/10 MP: 7/7
   252 | D:1      | Reached XP level 2. HP: 14/15 MP: 5/9
  1166 | D:2      | Reached XP level 3. HP: 19/19 MP: 4/10
  1171 | D:2      | Found a glowing silver altar of Zin.
  1935 | D:3      | Found a faded altar of an unknown god.
  2174 | D:4      | Noticed Natasha
  2174 | D:4      | Noticed an ogre
  2567 | D:3      | Killed from afar by an orc priest

Skill      XL: |  1  2  3 |
---------------+----------+-----
Conjurations   | 2 3 4 |  4.2
Short Blades   | |  0.4
Dodging        | |  2.4
Stealth        | |  2.4
Spellcasting   | |  4.4
Summonings     | |  1.1
Translocations | |  1.1

Action                   || total
-------------------------++-------
Melee: Unarmed           ||     1
       Rapier            ||     3
 Cast: Magic Dart        ||   112
  Eat: Chunk             ||     4
Armor: Robe              ||     7
Dodge: Dodged            ||    26
